 Dungeon Crawl Stone Soup version 0.31-a0-128-g25add195a6 (webtiles) character file.

Game seed: 4043098092349770972

50 gelatine the Chopper (level 3, 0/28 HPs)
             Began as a Demonspawn Gladiator on June 1, 2023.
             Slain by a jackal (2 damage)
             ... on level 2 of the Dungeon.
             The game lasted 00:02:06 (881 turns).

gelatine the Chopper (Demonspawn Gladiator)          Turns: 881, Time: 00:02:07

Health: 0/28       AC:  4    Str: 16    XL:     3   Next: 55%
Magic:  3/3        EV: 12    Int:  9    God:
Gold:   127        SH:  0    Dex: 14    Spells: 2/2 levels left

rFire   . . .        a - +0 war axe
rCold   . . .        (no shield)
rNeg    . . .        b - +0 leather armour
rPois   .            c - +0 helmet
rElec   .            (no cloak)
rCorr   .            (no gloves)
SInv    .            (no boots)
Will    .....        (no amulet)
Stlth   +            (no ring)
HPRegen 0.24/turn    (no ring)
MPRegen 0.08/turn

%: no passive effects
@: attractive
A: foul stench 2
a: no special abilities


You were on level 2 of the Dungeon.
You visited 1 branch of the dungeon, and saw 2 of its levels.

You collected 127 gold pieces.

Inventory:

Hand Weapons
 a - a +0 war axe (weapon)
Missiles
 d - 2 throwing nets (quivered)
 e - a javelin
Armour
 b - a +0 leather armour (worn)
 c - a +0 helmet (worn)
Scrolls
 f - 2 scrolls of identify {unknown}
 h - 2 scrolls of teleportation {unknown}
 k - a scroll of magic mapping {unknown}
 l - a scroll of torment {unknown}
Potions
 j - a potion of enlightenment


   Skills:
 + Level 2.5 Fighting
 + Level 3.3 Axes
 + Level 1.9 Throwing
 + Level 0.6 Armour
 + Level 3.0 Dodging
 + Level 0.3 Stealth


You had 2 spell levels left.
You didn't know any spells.
Your spell library was empty.

Dungeon Overview and Level Annotations

Branches:
Dungeon (2/15)

Altars:
Kikubaaqudgha

Annotations:
D:2 Jessica


Innate Abilities, Weirdness & Mutations

You sometimes emit foul miasma when damaged in melee.


Message History

The jackal misses you. Jessica barely misses you.
The jackal bites you but does no damage.
The jackal misses you. Jessica hits you with a +0 club.
* * * LOW HITPOINT WARNING * * *
The jackal misses you. The jackal closely misses you.
The jackal attacks as you move away!
The jackal bites you but does no damage.
An endoplasm comes into view.
Jessica hits you with a +0 club.
* * * LOW HITPOINT WARNING * * *
The jackal bites you.
* * * LOW HITPOINT WARNING * * *
The jackal bites you but does no damage.
Jessica casts a spell.
Jessica blinks!
Jessica mumbles some strange words.
Jessica blinks!
The jackal barely misses you. x2
Jessica casts a spell.
Jessica blinks!
It was a potion of enlightenment.
You feel very buoyant.
You fly up into the air.
Jessica mumbles some strange words.
Jessica blinks!
The jackal bites you.
* * * LOW HITPOINT WARNING * * *
The jackal misses you.
It was a potion of cancellation.
Your magical effects are unravelling.
You feel magically purged.
You feel yourself speed up.
You float gracefully downwards.
Your enlightenment fades.
The jackal bites you but does no damage.
The jackal closely misses you.
It was a potion of attraction.
You feel attractive to monsters. The jackal closely misses you.
Jessica mumbles some strange words.
Jessica blinks!
The jackal bites you.
You die...

.##.........##.# #.##.##
#.#.........##.##.. ...##
##).........##.#.# ..#.##.
#.#..............# ..@...
...<........##.#.###..#.#
.##.....).......#......#
..............†.##....#####
.##....[....###.##J.(......
............# #.@hh........
.#####.###..# ####§.....##.
.#####.#....# ##...#.#
..[.........# ##.##.# #
.#..##.#.#### ##.##. .# .#
#.#.# ...#.##. .. ..#.#
...... .. #.# .#..# . . #†#
#<# ..


You could see Jessica (fast), an endoplasm and 2 jackals.

Vanquished Creatures
  An adder (D:2)
  2 dart slugs (D:1)
  2 giant cockroaches (D:2)
  5 goblins
  2 hobgoblins
  4 jackals (D:2)
  A kobold (D:2)
  4 quokkas
  4 ball pythons
  3 bats
  3 frilled lizards
  3 rats (D:1)
34 creatures vanquished.

Notes
Turn   | Place    | Note
-------+----------+-------------------------------------------
     0 | D:1      | gelatine the Demonspawn Gladiator began the quest for the
                  | Orb.
     0 | D:1      | Reached XP level 1. HP: 16/16 MP: 1/1
    18 | D:1      | Found a faded altar of an unknown god.
   170 | D:1      | Gained mutation: You may rarely emit foul miasma when
                  | damaged in melee. [demonic ancestry]
   170 | D:1      | Reached XP level 2. HP: 21/22 MP: 2/2
   521 | D:2      | Found an ancient bone altar of Kikubaaqudgha.
   680 | D:2      | Gained mutation: You sometimes emit foul miasma when
                  | damaged in melee. [demonic ancestry]
   680 | D:2      | Reached XP level 3. HP: 11/28 MP: 3/3
   814 | D:2      | Found the +7 Spriggan's Knife {stab, EV+4 Stlth+}
   867 | D:2      | Noticed Jessica
   879 | D:2      | HP: 1/28 [jackal (2)]
   881 | D:2      | Slain by a jackal

Illustrated notes

Levels and vault maps discovered:
D:1:      minmay_arrival_glassed_features, layout_basic,
          hellmonk_ecumenical_altar_crossroads
D:2:      layout_loops_ring, basic_altar, grunt_decor_fettered,
          chequers_serial_rivers_large_b, uniq_jessica

Skill      XL: |  1  2  3 |
---------------+----------+-----
Axes           | 3 |  3.3
Dodging        | 3 |  3.0
Fighting       | |  2.5
Throwing       | |  1.9
Armour         | |  0.6
Stealth        | |  0.3

Action                     || total
---------------------------++-------
  Melee: War axe           ||    93
         Punch             ||     1
  Throw: Throwing net      ||     1
    Use: Potion            ||     3
   Stab: Held in net/web   ||     1
 Armour: Leather armour    ||    40
  Dodge: Dodged            ||   111

Table legend: (Time is in decaauts)
 A = Elapsed time spent in this place.
 B = Non-inter-level travel time spent in this place.
 C = Inter-level travel time spent in this place.
 D = Time resting spent in this place.
 E = Time spent auto-exploring this place.
 F = Levels seen in this place.
 G = Mean time per level.
                   A        B        C        D        E       F      G
               +--------+--------+--------+--------+--------+-----+--------+
         Total |    915 |    896 |     19 |      0 |    619 |   2 |  457.5 |
       Dungeon |    915 |    896 |     19 |      0 |    619 |   2 |  457.5 |
               +--------+--------+--------+--------+--------+-----+--------+

Top non-repeatable levels by time:
     D:1: 525 daAuts
     D:2: 390 daAuts
